 Dungeon Crawl Stone Soup version 0.32-a0-859-gb0a091d592 (webtiles) character file.

Game seed: 13636692719279871926

9477 jasper the Severer (level 11, -7/100 HPs)
             Began as a Mountain Dwarf Berserker on Mar 26, 2024.
             Was an Elder of Trog.
             Hit by a large rock thrown by a cyclops (16 damage)
             ... on level 11 of the Dungeon on Mar 27, 2024.
             The game lasted 00:23:00 (11453 turns).

jasper the Severer (Mountain Dwarf Berserker)      Turns: 11453, Time: 00:23:01

Health: -7/100     AC: 20    Str: 23    XL:     11   Next: 23%
Magic:  11/11      EV:  6    Int:  9    God:    Trog [****..]
Gold:   632        SH:  0    Dex:  9    Spells: 10/10 levels left

rFire   . . .        U - +0 battleaxe
rCold   . . .        (shield currently unavailable)
rNeg    + . .        O - +0 plate armour
rPois   +            g - +0 helmet
rElec   .            i - +0 cloak
rCorr   .            d - +0 pair of gloves
SInv    .            N - +1 pair of boots
Will    +++..        D - amulet of faith Stlth
                     n - ring of poison resistance
HPRegen 1.36/turn    b - ring of positive energy
MPRegen 0.12/turn

%: faith
@: strong-willed, regenerating
A: runic magic, artefact enchanting
a: Renounce Religion, Berserk, Trog's Hand, Brothers in Arms


You were on level 11 of the Dungeon.
You worshipped Trog.
Trog was greatly pleased with you.
You visited 2 branches of the dungeon, and saw 12 of its levels.

You collected 726 gold pieces.
You spent 94 gold pieces at shops.

Inventory:

Hand Weapons
 I - a +0 dire flail
 U - a +0 battleaxe (weapon)
 V - the +0 hand axe of the Hawk {drain, rElec rPois Int+2 Dex-5}
   (You found it on level 9 of the Dungeon)

   Int+2:     It affects your intelligence (+2).
   Dex-5:     It affects your dexterity (-5).
   rElec:     It insulates you from electricity.
   rPois:     It protects you from poison.
 X - the +1 war axe of Dulov {holy, rN+ SInv}
   (You found it on level 10 of the Dungeon)

   rN+:       It protects you from negative energy.
   SInv:      It lets you see invisible.
Missiles
 j - 51 stones (quivered)
 k - 44 poisoned darts
 K - 8 javelins
 W - a throwing net
Armour
 d - a +0 pair of gloves (worn)
 g - a +0 helmet (worn)
 i - a +0 cloak (worn)
 L - a scarf of harm
 N - a +1 pair of boots (worn)
 O - a +0 plate armour (worn)
 S - +0 acid dragon scales
Jewellery
 b - a ring of positive energy (right hand)
 h - an amulet of the acrobat
 n - a ring of poison resistance (left hand)
 s - a ring of flight
 w - a ring of resist corrosion
 D - an amulet of faith (around neck)
Wands
 m - a wand of warping (13)
 v - a wand of light (14)
 C - a wand of flame (24)
 J - a wand of paralysis (13)
 T - a wand of mindburst (19)
Scrolls
 f - 5 scrolls of noise
 p - a scroll of revelation
 x - 3 scrolls of immolation
 y - 2 scrolls of enchant weapon
 G - a scroll of fear
 P - a scroll of vulnerability
 Q - a scroll of summoning
 R - a scroll of fog
Potions
 a - a potion of brilliance
 c - a potion of invisibility
 e - 3 potions of mutation
 l - 4 potions of attraction
 o - a potion of enlightenment
 r - a potion of cancellation
 t - a potion of resistance {unknown}
 u - 6 potions of curing {unknown}
 B - 3 potions of degeneration {unknown}
 E - 2 potions of haste {unknown}
 F - a potion of magic {unknown}
 H - a potion of berserk rage {unknown}
 M - a potion of heal wounds
 Y - a potion of might {unknown}
Miscellaneous
 q - a lightning rod (1/4)


   Skills:
 + Level 10.2 Fighting
 * Level 15.6 Axes
 + Level 9.3 Armour
 - Level 1.3 Dodging


You had 10 spell levels left.
You didn't know any spells.
Your spell library was empty.

Dungeon Overview and Level Annotations

Branches:
Dungeon (11/15)            Temple (1/1) D:4             Orc (0/2) D:9
   Lair: D:8-11

Altars:
Ashenzari
Cheibriados
Dithmenos
Elyvilon
Fedhas
Gozag
Hepliaklqana
Kikubaaqudgha
Makhleb
Nemelex Xobeh
Okawaru
Qazlal
Ru
Sif Muna
Trog
Uskayaw
Vehumet
Wu Jian
Xom
Yredelemnul
Zin
The Shining One

Shops:
D:2 *

Annotations:
D:10 6 transporters
D:11 Psyche


Innate Abilities, Weirdness & Mutations

Your spellcasting is much less encumbered by armour.
You can use scrolls of enchantment on lesser artefacts.


Message History

You hit the gargoyle but do no damage.
The gargoyle is lightly damaged.
You hit the centaur but do no damage.
The centaur hits you but does no damage.
The centaur barely misses you. The gargoyle hits you with a +0 flail!
The centaur hits you but does no damage.
The centaur kicks you but does no damage.
You take 8 damage, and have 38/99 hp.
You slash the gargoyle!
The gargoyle is severely damaged.
You hit the centaur.
Your ogre barely misses the centaur.
The centaur closely misses you. The centaur barely misses you.
The gargoyle hits you with a +0 flail.
The cyclops throws a large rock.
The large rock hits you!
* * * LOW HITPOINT WARNING * * *
You take 13 damage, and have 25/99 hp.
The centaur wields a +0 shortbow.
The centaur shoots an arrow.
The arrow hits your ogre!
Your ogre hits the centaur with a +0 giant club!
The centaur shoots an arrow.
The arrow hits your ogre.
You regained 2 hp, and now have 27/99 hp.
You barely miss the gargoyle.
The gargoyle is severely damaged.
Your ogre hits the centaur with a +0 giant club!!!
The centaur dies!
Trog accepts your kill. The gargoyle misses you.
Your life force feels restored.
You hit the gargoyle but do no damage.
The gargoyle is severely damaged.
Your ogre hits the acid dragon with a +0 giant club!!
The acid dragon spits acid at you. The splash of acid hits your ogre!!
The acid corrodes your ogre!
Your ogre dies!
Your ogre's corpse disappears in a puff of smoke!
The gargoyle hurls a stone arrow at you.
The stone arrow hits you!!
* * * LOW HITPOINT WARNING * * *
The cyclops throws a large rock.
The large rock hits you!
You die...

########################
........................
.........###.........#
.....#..........@....##..
.....#..........ยง9C......
.....#...........D{......
#........................
####'############........
...........# #........
.....).....# +........
##.........# #........
#.........# #........


You could see a cyclops, an acid dragon (catching breath) and a gargoyle.

Vanquished Creatures
  3 two-headed ogres
  2 kobold demonologists
  2 raiju (D:7)
  Sigmund (D:3)
  A wyvern (D:9)
  13 yaks
  Menkaure (D:5)
  An acid dragon (D:8)
  3 water moccasins
  A black bear (D:7)
  3 orc warriors
  4 sky beasts
  2 ice beasts
  A centaur (D:10)
  3 ogres
  A phantom (D:7)
  5 kobold brigands
  2 bullfrogs
  13 wights
  9 killer bees
  A howler monkey (D:6)
  5 electric eels (D:7)
  A bombardier beetle (D:5)
  3 orc priests
  A sleepcap (D:4)
  A gnoll bouda (D:10)
  A hound (D:6)
  2 jellies
  10 orc wizards
  5 iguanas
  2 human simulacra (D:8)
  Robin (D:3)
  9 gnolls
  7 adders
  3 shadow imps
  A white imp (D:6)
  2 ufetubi (D:7)
  A ribbon worm (D:2)
  4 dart slugs
  39 orcs
  11 endoplasms
  2 giant cockroaches
  13 goblins
  9 hobgoblins
  4 jackals (D:4)
  21 kobolds
  7 quokkas
  8 ball pythons
  5 bats
  9 frilled lizards
  6 rats
265 creatures vanquished.

Vanquished Creatures (collateral kills)
  A centaur (D:11)
1 creature vanquished.

Grand Total: 266 creatures vanquished

Notes
Turn   | Place    | Note
-------+----------+-------------------------------------------
     0 | D:1      | jasper the Mountain Dwarf Berserker began the quest for the
                  | Orb.
     0 | D:1      | Reached XP level 1. HP: 19/19 MP: 1/1
    62 | D:1      | Reached skill level 4 in Axes
   106 | D:1      | Reached XP level 2. HP: 20/26 MP: 2/2
   717 | D:1      | Reached skill level 5 in Axes
  1034 | D:2      | Reached ** piety under Trog
  1117 | D:2      | Reached XP level 3. HP: 31/31 MP: 3/3
  1598 | D:2      | Found Erphuqos's Assorted Antiques.
  1606 | D:2      | Bought a scroll labelled COJEVOSHRETT for 25 gold pieces
  1606 | D:2      | Bought a fuming green potion for 22 gold pieces
  1606 | D:2      | Bought a scroll labelled WYNOWE ZINUI for 25 gold pieces
  1606 | D:2      | Bought a puce potion for 22 gold pieces
  1949 | D:3      | Reached skill level 6 in Axes
  1949 | D:3      | Reached XP level 4. HP: 24/38 MP: 4/4
  2096 | D:3      | Noticed Sigmund
  2113 | D:3      | Killed Sigmund
  2114 | D:3      | Reached skill level 7 in Axes
  2114 | D:3      | Reached XP level 5. HP: 46/46 MP: 5/5
  2272 | D:3      | Noticed Robin
  2284 | D:3      | Killed Robin
  2285 | D:3      | Reached XP level 6. HP: 53/53 MP: 6/6
  2285 | D:3      | Reached *** piety under Trog
  3120 | D:4      | Identified the +0 dagger of Anxiety {holy, SInv}
  3405 | D:4      | Reached skill level 8 in Axes
  3691 | D:4      | Found a staircase to the Ecumenical Temple.
  3721 | D:4      | Reached skill level 5 in Fighting
  3972 | D:4      | Reached XP level 7. HP: 61/61 MP: 7/7
  4071 | Temple   | Entered the Ecumenical Temple
  4093 | D:5      | Entered Level 5 of the Dungeon
  4430 | D:5      | Upgraded the game from 0.32-a0-841-g4648e6c457 to
                  | 0.32-a0-859-gb0a091d592
  4513 | D:5      | Reached skill level 9 in Axes
  4751 | D:5      | Found an opulent altar of Gozag.
  5236 | D:5      | Noticed Menkaure
  5249 | D:5      | Killed Menkaure
  5606 | D:6      | Reached XP level 8. HP: 70/70 MP: 8/8
  5819 | D:6      | Reached skill level 10 in Axes
  6391 | D:6      | Reached skill level 5 in Armour
  6614 | D:6      | Found a burning altar of Makhleb.
  6729 | D:6      | Found an ancient bone altar of Kikubaaqudgha.
  6729 | D:6      | Found a broken altar of Ashenzari.
  6990 | D:7      | Reached skill level 11 in Axes
  7306 | D:7      | Reached XP level 9. HP: 79/79 MP: 9/9
  7587 | D:7      | Identified the +0 leather armour "Xautoxoi" {rPois Str+3}
  7689 | D:7      | Reached skill level 12 in Axes
  8376 | D:8      | Noticed a kobold demonologist
  8636 | D:7      | Noticed a rust devil
  8638 | D:7      | Killed a kobold demonologist
  8721 | D:8      | Reached skill level 13 in Axes
  8739 | D:8      | Reached **** piety under Trog
  8761 | D:8      | Reached XP level 10. HP: 66/90 MP: 10/10
  8842 | D:8      | Noticed a two-headed ogre
  8859 | D:8      | Killed a two-headed ogre
  8965 | D:8      | Found a glowing silver altar of Zin.
  9194 | D:8      | Found a bloodstained altar of Trog.
  9425 | D:8      | Found a snail-covered altar of Cheibriados.
  9428 | D:8      | Found a hazy altar of Hepliaklqana.
  9428 | D:8      | Found a glowing golden altar of the Shining One.
  9439 | D:8      | Found a stormy altar of Qazlal.
  9439 | D:8      | Found an ornate altar of the Wu Jian Council.
  9485 | D:9      | Reached skill level 14 in Axes
  9556 | D:9      | Noticed a two-headed ogre
  9561 | D:9      | Killed a two-headed ogre
  9891 | D:9      | Identified the +8 orcbow of Causality {heavy, rF+ rN+
                  | Dex-2}
 10124 | D:9      | Found a staircase to the Orcish Mines.
 10130 | D:9      | Noticed a two-headed ogre
 10142 | D:9      | Killed a two-headed ogre
 10144 | D:9      | Reached skill level 15 in Axes
 10562 | D:9      | Identified the +0 hand axe of the Hawk {drain, rElec rPois
                  | Int+2 Dex-5}
 10662 | D:10     | Entered Level 10 of the Dungeon
 10710 | D:10     | Reached XP level 11. HP: 70/99 MP: 11/11
 10724 | D:10     | Reached skill level 10 in Fighting
 10733 | D:10     | Found a transporter.
 10740 | D:10     | Found a transporter.
 10741 | D:10     | Identified the +1 war axe of Dulov {holy, rN+ SInv}
 11362 | D:10     | Found a transporter.
 11371 | D:10     | Found a transporter.
 11380 | D:10     | Found a transporter.
 11384 | D:10     | Found a transporter.
 11442 | D:11     | Noticed Psyche
 11453 | D:11     | Hit by a large rock thrown by a cyclops

Illustrated notes

Levels and vault maps discovered:
D:1:      dpeg_arrival_pits, layout_basic, minmay_pentomino_r2
D:2:      layout_loops_ring, serial_shops,
          nicolae_shop_competitors_out_of_business
D:3:      kennysheep_big_flooded_room, layout_basic, serial_rivers,
          chequers_serial_rivers_micro_a, chequers_serial_rivers_small_3,
          chequers_serial_rivers_small_b, chequers_serial_rivers_small_a,
          chequers_serial_rivers_marsh, uniq_sigmund, uniq_robin
D:4:      wander_river, layout_basic, minmay_temple_entry_tees
D:5:      layout_layer_cave, grunt_gozag_breadcrumbs, lightli_corner_chamber,
          uniq_menkaure
D:6:      layout_loops_ring, nicolae_overflow_hidden_temple
D:7:      layout_loops_ring, nicolae_have_a_lightning_rod
D:8:      layout_gridville, general_overflow_altar, kennysheep_mini,
          minmay_overflow_temple_star_hex, grunt_ministairs_12, st_stairs_1,
          bh_circular_ruins
D:9:      layout_loops_cross, david_orc_2, minivault_5
D:10:     layout_cave_pools, kennysheep_cross_room, serial_nicolae_subway,
          nicolae_sub_station_crystal, nicolae_sub_station_metal,
          nicolae_sub_station_stone
D:11:     layout_stronghold, lair_entry_dummy, uniq_psyche, uniq_harold,
          uniq_maurice, uniq_grum
Temple:   minmay_freezing_vapour_temple

Skill      XL: |  1  2  3  4  5  6  7  8  9 10 11 |
---------------+----------------------------------+-----
Axes           | 4 5 6 7 8 9 11 13 15 | 15.6
Fighting       | 4 5 7 8 9 10 | 10.2
Armour         | 4 5 7 8 9 |  9.3
Dodging        | |  1.3

Action                     |  1- 3 |  4- 6 |  7- 9 | 10-12 || total
---------------------------+-------+-------+-------+-------++-------
  Melee: Hand axe          |   182 |   152 |   406 |    68 ||   808
         Battleaxe         |       |       |       |   179 ||   179
  Throw: Stone             |     1 |     2 |     7 |     2 ||    12
 Invoke: Berserk           |       |     7 |    16 |     7 ||    30
         Trog's Hand       |       |     1 |     3 |     4 ||     8
         Brothers in Arms  |       |       |       |     1 ||     1
  Evoke: Wand              |       |       |     9 |       ||     9
         Lightning rod     |       |       |       |     4 ||     4
    Use: Scroll            |    11 |     3 |     3 |     3 ||    20
         Potion            |       |       |     1 |       ||     1
   Stab: Sleeping          |     3 |       |       |       ||     3
 Armour: Animal skin       |    89 |    61 |       |       ||   150
         Ring mail         |       |    33 |    12 |       ||    45
         Scale mail        |       |       |    75 |       ||    75
         Chain mail        |       |       |   184 |       ||   184
         Plate armour      |       |       |       |   194 ||   194
  Dodge: Dodged            |   103 |    82 |   127 |    79 ||   391
  Block: Buckler           |       |       |    33 |     6 ||    39

Table legend: (Time is in decaauts)
 A = Elapsed time spent in this place.
 B = Non-inter-level travel time spent in this place.
 C = Inter-level travel time spent in this place.
 D = Time resting spent in this place.
 E = Time spent auto-exploring this place.
 F = Levels seen in this place.
 G = Mean time per level.
                   A        B        C        D        E       F      G
               +--------+--------+--------+--------+--------+-----+--------+
         Total |  11655 |  11253 |    402 |   2372 |   6669 |  12 |  971.2 |
       Dungeon |  11653 |  11251 |    402 |   2372 |   6669 |  11 | 1059.4 |
        Temple |      1 |      1 |      0 |      0 |      0 |   1 |    1.0 |
               +--------+--------+--------+--------+--------+-----+--------+

Top non-repeatable levels by time:
     D:7: 1687 daAuts
     D:5: 1595 daAuts
     D:6: 1299 daAuts
     D:4: 1276 daAuts
     D:9: 1202 daAuts
     D:1: 1022 daAuts
     D:3: 1018 daAuts
     D:8: 891 daAuts
     D:2: 858 daAuts
    D:10: 753 daAuts
    D:11: 47 daAuts
  Temple: 1 daAuts
